 Dungeon Crawl Stone Soup version 0.16-a0-3308-g116f5c4 (webtiles) character file.

1705 BluebellGnoll the Basher (level 9, 41/88 HPs)
             Began as an Ogre Hunter on Dec 26, 2014.
             Was a Follower of Okawaru.
             Quit the game on level 7 of the Dungeon.
             The game lasted 00:26:29 (7735 turns).

BluebellGnoll the Basher (Ogre Hunter)              Turns: 7735, Time: 00:26:29

Health: 41/88      AC:  5    Str: 19    XL:     9   Next: 3%
Magic:  18/18      EV: 12    Int:  9    God:    Okawaru [*.....]
Gold:   186        SH:  0    Dex: 13    Spells: 0 memorised, 8 levels left

rFire  . . .     SeeInvis .     D - +1 whip (freeze)
rCold  . . .     Clarity  +     r - +2 robe {MR+}
rNeg   . . .     SustAb   .     (shield restricted)
rPois  .         Gourm    .     (helmet restricted)
rElec  .         Spirit   .     (no cloak)
rCorr  .         Warding  .     (gloves unavailable)
rMut   .         Stasis   .     (boots unavailable)
MR     +....                    w - amulet "Thuk" {Clar Int-4 Dex+3}
Stlth  +.........               (no ring)
                                H - ring of magical power

@: somewhat resistant to hostile enchantments, very unstealthy
A: unfitting armour, tough skin 1
a: Heroism, Renounce Religion


You were on level 7 of the Dungeon.
You worshipped Okawaru.
Okawaru was aware of your devotion.
You were not hungry.

You visited 2 branches of the dungeon, and saw 8 of its levels.

You collected 263 gold pieces.
You spent 77 gold pieces at shops.

Inventory:

Hand weapons
 o - a +0 whip of electrocution
 B - a +0 blowgun
 D - a +1 whip of freezing (weapon)
Missiles
 a - 78 stones
 b - 4 large rocks (quivered)
 c - 2 throwing nets
 m - 50 poisoned needles
 J - 5 silver tomahawks
Armour
 r - a +2 robe of magic resistance (worn)
Magical staves
 h - an uncursed staff of fire {unknown}
Jewellery
 w - the amulet "Thuk" (around neck) {Clar Int-4 Dex+3}
   (You acquired it on level 5 of the Dungeon)

   [amulet of clarity]

   It provides mental clarity.
   It affects your intelligence (-4).
   It affects your dexterity (+3).
 C - an uncursed ring of ice
 H - a ring of magical power (left hand)
Magical devices
 d - a wand of confusion (21)
Scrolls
 e - a scroll of fog
 k - 2 scrolls of teleportation
 q - 6 scrolls of remove curse
 z - a scroll of blinking
Potions
 g - 2 potions of brilliance
 j - 3 potions of agility
 n - 5 potions of curing
 p - a potion of might {unknown}
 s - a potion of heal wounds {unknown}
 x - 2 potions of poison {unknown}
 A - a potion of restore abilities {unknown}
 E - a potion of invisibility {unknown}
 I - a potion of haste {unknown}
Books
 t - Kikubaaqudgha's Almanac of Dark Magic
   (You found it on level 2 of the Dungeon)

   Spells                             Type                      Level
   a - Animate Skeleton               Necromancy                   1
 u - Vehumet's Papyrus of Conjuration
   (You found it on level 2 of the Dungeon)

   Spells                             Type                      Level
   a - Magic Dart                     Conjuration                  1
 v - Sif Muna's Grimoire of Attacks
   (You found it on level 2 of the Dungeon)

   Spells                             Type                      Level
   a - Shock                          Conjuration/Air              1
 G - a book of Spatial Translocations

   Spells                             Type                      Level
   a - Apportation                    Translocation                1
   b - Blink                          Translocation                2
   c - Shroud of Golubria             Charms/Translocation         2
   d - Portal Projectile              Translocation                3
   e - Teleport Other                 Translocation                3
   f - Passage of Golubria            Translocation                4
Comestibles
 f - 3 meat rations
 l - 5 bread rations
 F - 2 chunks of flesh


   Skills:
 - Level 5.4 Fighting
 - Level 11.1 Maces & Flails
 - Level 4.3 Throwing
 + Level 5.7 Dodging
 - Level 0.7 Stealth


You had 8 spell levels left.
You didn't know any spells.

Dungeon Overview and Level Annotations

Branches:
Dungeon (7/15)             Temple (1/1) D:4

Altars:
Ashenzari
Cheibriados
Dithmenos
Elyvilon
Fedhas
Gozag
Kikubaaqudgha
Makhleb
Nemelex Xobeh
Okawaru
Qazlal
Sif Muna
Trog
Vehumet
Xom
Yredelemnul
Zin

Shops:
D:5 *


Innate Abilities, Weirdness & Mutations

You are too large for most types of armour.
You have tough skin (AC +1).


Message History

The crocodile is severely wounded.
The crocodile closely misses you.
You closely miss the crocodile.
The crocodile is severely wounded.
You closely miss the crocodile.
The crocodile is severely wounded.
You barely miss the crocodile.
The crocodile is severely wounded.
The crocodile misses you.
You whack the crocodile! You freeze the crocodile.
You kill the crocodile!
Okawaru accepts your kill.
You can now gain great but temporary skills.
You have reached level 9!
Your experience leads to an increase in your attributes!
Your base attributes are Str 18, Int 12, Dex 10.
Increase (S)trength, (I)ntelligence, or (D)exterity?
You feel clever.
You feel stronger.
Unknown command.
Are you sure you want to abandon this character and quit the game? (Confirm with "yes".)

. . ...# # #.####..##
# # #.......(# .. #
#?.#.#.(.##### . #
#.....(.##...## #.
.$.(.##.....## .###
#...#.....).# ..#
#.#.@.#.#._.#.## #.##
#.......##.##..###.#.
####.#...###.........
#.#........#.##...
#.#........#.##..#
#.##.............#
...........##.##.#
####.......##.##.#
#..............


There were no monsters in sight!

Vanquished Creatures
  Grinder (D:3)
  The ghost of bitcomrade the Skirmisher, an average GrBe of Trog (D:4)
  A phantom (D:6)
  A centaur (D:6)
  An orc warrior (D:7)
  An ogre (D:4)
  A crocodile (D:7)
  A giant frog (D:4)
  2 scorpions (D:4)
  A crimson imp (D:6)
  2 giant frog zombies
  2 hounds
  A goliath beetle (D:6)
  3 worker ants
  2 iguanas
  An orc priest (D:6)
  3 orc wizards (D:3)
  Ijyb (D:3)
  Jessica (D:2)
  2 hound skeletons (D:4)
  The ghost of Yermak the Vexing, a weakling FeEn (D:3)
  7 adders
  3 gnolls
  A giant mite (D:1)
  4 worms
  An adder skeleton (D:4)
  5 giant geckos
  An ooze (D:3)
  26 orcs
  4 ball pythons
  A bat skeleton (D:6)
  9 giant cockroaches
  18 goblins
  18 hobgoblins
  12 kobolds
  4 quokkas
  10 bats
  A giant gecko skeleton (D:7)
  7 giant newts
  4 jackals (D:1)
  15 rats
181 creatures vanquished.

Notes
Turn   | Place    | Note
--------------------------------------------------------------
     0 | D:1      | BluebellGnoll, the Ogre Hunter, began the quest for the Orb.
     0 | D:1      | Reached XP level 1. HP: 22/22 MP: 1/1
    95 | D:1      | Reached skill level 1 in Maces & Flails
    95 | D:1      | Reached XP level 2. HP: 17/31 MP: 2/2
   556 | D:1      | Reached XP level 3. HP: 34/37 MP: 3/3
  1286 | D:1      | Reached XP level 4. HP: 20/45 MP: 4/4
  1434 | D:2      | Noticed Jessica
  1445 | D:2      | Killed Jessica
  1511 | D:2      | Reached skill level 5 in Maces & Flails
  1554 | D:2      | Found an ancient bone altar of Kikubaaqudgha.
  1558 | D:2      | Identified Kikubaaqudgha's Almanac of Dark Magic
  1562 | D:2      | Found a radiant altar of Vehumet.
  1566 | D:2      | Identified Vehumet's Papyrus of Conjuration
  1571 | D:2      | Found a deep blue altar of Sif Muna.
  1575 | D:2      | Identified Sif Muna's Grimoire of Attacks
  1630 | D:2      | Reached XP level 5. HP: 41/53 MP: 5/5
  1698 | D:2      | Found a glowing silver altar of Zin.
  2216 | D:3      | Noticed Grinder
  2272 | D:3      | Reached skill level 6 in Maces & Flails
  2292 | D:3      | Noticed Ijyb
  2298 | D:3      | Killed Ijyb
  2301 | D:3      | Noticed Yermak's ghost (weakling FeEn)
  2303 | D:3      | Killed Yermak's ghost
  2651 | D:3      | Found a burning altar of Makhleb.
  2706 | D:3      | Reached skill level 7 in Maces & Flails
  2706 | D:3      | Reached XP level 6. HP: 24/61 MP: 6/6
  2859 | D:3      | Killed Grinder
  2859 | D:3      | Reached skill level 8 in Maces & Flails
  3003 | D:3      | Found a bloodstained altar of Trog.
  3086 | D:3      | Reached XP level 7. HP: 67/67 MP: 7/7
  3128 | D:3      | Reached skill level 9 in Maces & Flails
  3675 | D:4      | Found a staircase to the Ecumenical Temple.
  3680 | Temple   | Entered the Ecumenical Temple
  4451 | D:4      | Found a blossoming altar of Fedhas.
  4537 | D:4      | Noticed bitcomrade's ghost (average GrBe)
  4537 | D:4      | Reached skill level 5 in Fighting
  4537 | D:4      | Reached XP level 8. HP: 51/80 MP: 8/8
  4596 | D:4      | Killed bitcomrade's ghost
  5053 | D:5      | Entered Level 5 of the Dungeon
  5072 | D:5      | Found Ynir Irr's General Store.
  5087 | D:5      | Bought a potion of curing for 33 gold pieces
  5087 | D:5      | Bought a potion of brilliance for 44 gold pieces
  5788 | D:5      | Found a blossoming altar of Fedhas.
  5967 | D:5      | Found an iron altar of Okawaru.
  5968 | D:5      | Found a shimmering altar of Xom.
  5974 | D:5      | Became a worshipper of Warmaster Okawaru
  5975 | D:5      | Identified a scroll of acquirement
  5976 | D:5      | Got a pitted diamond amulet
  5977 | D:5      | Identified the amulet "Thuk" {Clar Int-4 Dex+3} (You acquired it on level 5 of the Dungeon)
  6511 | D:6      | Reached skill level 10 in Maces & Flails
  7260 | D:6      | Reached skill level 11 in Maces & Flails
  7509 | D:7      | Reached skill level 5 in Dodging
  7668 | D:7      | Found a shadowy altar of Dithmenos.
  7734 | D:7      | Acquired Okawaru's first power
  7734 | D:7      | Reached XP level 9. HP: 40/88 MP: 9/9
  7735 | D:7      | Quit the game

Action                   |  1- 3 |  4- 6 |  7- 9 || total
-------------------------+-------+-------+-------++-------
Melee: Short sword       |    14 |       |       ||    14
       Club              |    21 |       |       ||    21
       Whip              |   100 |   147 |   377 ||   624
Throw: Stone             |     9 |    63 |    34 ||   106
       Large rock        |       |     7 |    14 ||    21
       Tomahawk          |       |       |    15 ||    15
  Use: Scroll            |       |       |     8 ||     8
 Stab: Sleeping          |       |     1 |     1 ||     2
       Distracted        |       |       |     1 ||     1
  Eat: Chunk             |     1 |     6 |    15 ||    22
